 Dungeon Crawl Stone Soup version 0.28.0-45-g0d030f2227 (console) character file.

Game seed: 8103292424149565781

107 Cab the Chopper (level 4, -2/35 HPs)
             Began as a Demonspawn Fighter on Apr 20, 2022.
             Killed from afar by Ijyb (8 damage)
             ... with a bolt of acid
             ... on level 3 of the Dungeon.
             The game lasted 00:07:58 (2724 turns).

Cab the Chopper (Demonspawn Fighter)                Turns: 2724, Time: 00:07:58

Health: -2/35      AC:  7    Str: 18    XL:     4   Next: 57%
Magic:  4/4        EV:  9    Int:  9    God:
Gold:   57         SH:  4    Dex: 13    Spells: 3/3 levels left

rFire   . . .      SeeInvis .   a - +0 war axe
rCold   . . .      Faith    .   c - +0 buckler
rNeg    . . .      Spirit   .   b - +0 scale mail
rPois   .          Reflect  .   (no helmet)
rElec   .          Harm     .   (no cloak)
rCorr   .          Rampage  .   (no gloves)
Will    .....                   i - +0 pair of boots
Stlth   ..........              (no amulet)
HPRegen 0.11/turn               (no ring)
MPRegen 0.09/turn               (no ring)

@: no status effects
A: demonic magic 1
a: no special abilities


You were on level 3 of the Dungeon.
You visited 1 branch of the dungeon, and saw 3 of its levels.

You collected 57 gold pieces.

Inventory:

Hand Weapons
 a - a +0 war axe (weapon)
Missiles
 m - 5 atropa-tipped darts (quivered)
Armour
 b - a +0 scale mail (worn)
 c - a +0 buckler (worn)
 i - a +0 pair of boots (worn)
Scrolls
 e - 2 scrolls of noise
 f - 3 scrolls of identify {unknown}
 h - a scroll of teleportation {unknown}
 l - a scroll of amnesia {unknown}
Potions
 d - a potion of might
 g - a potion of brilliance {unknown}
 j - a potion of mutation {unknown}
 k - a potion of haste {unknown}
 n - a potion of berserk rage {unknown}
 o - a potion of cancellation {unknown}
 p - a potion of lignification {unknown}


   Skills:
 - Level 3.2 Fighting
 + Level 3.7 Axes
 - Level 3.1 Armour
 - Level 0.1 Dodging
 - Level 2.9 Shields


You had 3 spell levels left.
You didn't know any spells.
Your spell library contained the following spells:

 Spells                   Type           Power      Damage    Failure   Level
 Animate Skeleton         Necr           0%         N/A       86%         1
 Pain                     Necr           0%         1d4       86%         1
 Vampiric Draining        Necr           0%         2d6       99%         3


Dungeon Overview and Level Annotations

Branches:
Dungeon (3/15)

Altars:

Annotations:
D:3 Ijyb


Innate Abilities, Weirdness & Mutations

Spells you cast may paralyse adjacent enemies.


Message History

The goblin shoots a stone.
The stone hits you but does no damage.
Found a spear.
The goblin unwields a +0 hunting sling.
The goblin hits you but does no damage.
There is an open door here.
You hit the goblin.
The goblin is severely wounded.
The goblin closely misses you. x2
You slash the goblin!
You kill the goblin!
Things that are here:
a +0 hunting sling; 29 stones; a goblin corpse
There is an open door here.
There is an open door here.
Okay, then.
As you read the scroll labelled RAXAGI BOLUDGH, it crumbles to dust.
You hear a loud clanging noise!
It was a scroll of noise.
You hear a bark!
You hear a shout! x2
You open the large door.
A jackal, Ijyb and 2 goblins come into view.
Ijyb is wielding a +4 club, wearing a +3 ring mail of positive energy and carrying a wand of acid (10).
You hit the jackal.
The jackal is almost dead.
The jackal barely misses you.
You closely miss the jackal.
The jackal is almost dead.
You barely miss the goblin. The jackal bites you. The jackal barely misses you.
The goblin hits you with a +0 dagger.
You hit the jackal.
You kill the jackal!
You closely miss the goblin. You block the goblin's attack.
Ijyb zaps a wand.
The bolt of acid hits you!!
Ouch! That really hurt!
* * * LOW HITPOINT WARNING * * *
You hit the goblin.
You kill the goblin!
Ijyb zaps a wand.
The bolt of acid hits the goblin!!
The goblin dies!
The bolt of acid hits you!
You die...

▒▒▒▒▒▒▒▒▒▒▒ ▒▒▒
▒∙∙)'∙∙∙∙∙∙ ≈≈▒
▒∙∙@)g∙∙∙∙∙ ≈≈▒
▒∙∙∙▒∙∙∙∙∙∙ ▒▒▒▒≈≈▒
▒∙∙∙▒▒▒▒▒▒▒▒▒▒∙∙∙≈≈▒
▒∙∙∙∙∙∙∙∙∙∙∙∙▒∙∙∙≈≈▒
▒∙∙∙∙∙∙∙∙∙∙∙∙▒∙∙∙≈≈▒
▒▒'▒▒∙∙∙∙∙▒▒'▒▒∙∙≈≈▒
▒∙∙∙▒∙∙∙∙∙▒∙∙∙▒∙∙≈≈∙
▒∙∙∙▒∙∙∙∙∙▒)∙∙▒∙∙≈≈∙
▒∙∙∙▒∙∙∙∙∙▒∙∙∙▒∙∙≈≈∙


You could see Ijyb.

Vanquished Creatures
  2 adders (D:2)
  An ufetubus (D:3)
  A worm (D:2)
  2 dart slugs
  5 orcs (D:3)
  8 ball pythons
  2 bats
  7 endoplasms
  3 giant cockroaches
  12 goblins
  4 hobgoblins
  7 jackals
  2 quokkas
  3 frilled lizards
  3 kobolds
  5 rats
67 creatures vanquished.

Vanquished Creatures (others)
  A goblin (D:3)
1 creature vanquished.

Grand Total: 68 creatures vanquished

Notes
Turn   | Place    | Note
-------+----------+-------------------------------------------
     0 | D:1      | Cab the Demonspawn Fighter began the quest for the Orb.
     0 | D:1      | Reached XP level 1. HP: 18/18 MP: 1/1
   606 | D:1      | Gained mutation: Spells you cast may paralyse adjacent
                  | enemies. [demonic ancestry]
   606 | D:1      | Reached XP level 2. HP: 24/24 MP: 2/2
  1005 | D:1      | Found a faded altar of an unknown god.
  1225 | D:1      | Reached XP level 3. HP: 28/29 MP: 3/3
  2158 | D:2      | Reached XP level 4. HP: 33/35 MP: 4/4
  2720 | D:3      | Noticed Ijyb
  2724 | D:3      | Killed from afar by Ijyb

Illustrated notes

Levels and vault maps discovered:
D:1:      dpeg_arrival_boxes_within_box, layout_basic,
          shapermc_ecumenical_altar_starsandcircs, minmay_pentomino_q4
D:2:      layout_basic
D:3:      kennysheep_goblin_castle, layout_basic, minitemple, serial_shops,
          shop_fountains

Skill      XL: |  1  2  3 |
---------------+----------+-----
Axes           | 2 3 |  3.7
Armour         | 3 |  3.1
Fighting       | |  3.2
Dodging        | |  0.1
Shields        | |  2.9

Action                   |  1- 3 |  4- 6 || total
-------------------------+-------+-------++-------
Melee: War axe           |   135 |    51 ||   186
  Use: Scroll            |       |     1 ||     1
Armor: Scale mail        |    72 |    30 ||   102
Dodge: Dodged            |    66 |    23 ||    89
Block: Buckler           |    28 |    14 ||    42
